 Dungeon Crawl Stone Soup version 0.31.0-10-gcf4a605ca0 (webtiles) character file.

Game seed: 7855534781964277206

1849848 Flugkiller the Wrestler (level 24, 345/345 HPs)
             Began as a Troll Enchanter on Jan 25, 2024.
             Was an Initiate of Gozag.
             Escaped with the Orb
             ... and 3 runes!
             The game lasted 01:20:07 (54012 turns).

Flugkiller the Wrestler (Troll Enchanter)          Turns: 54012, Time: 01:20:08

Health: 345/345    AC: 35    Str: 36    XL:     24   Next: 97%
Magic:  23/23      EV: 10    Int:  6    God:    Gozag
Gold:   7334       SH: 25    Dex: 10    Spells: 25/25 levels left

rFire   + .          .
                       - Unarmed
rCold   + . .        O - +8 tower shield
rNeg    + + +        b - melded +0 robe
rPois   ∞            B - +2 hat "Zasi" {Will+ Str+3 Int-5}
rElec   +            r - scarf {shadows}
rCorr   .            (gloves unavailable)
SInv    .            (boots unavailable)
Will    +++..        E - amulet "Varestar" {rC+ Regen+ Str+2}
Stlth   +            f - ring of protection from fire
HPRegen 2.37/turn    U - ring "Owkuox" {^Drain rN++ Will+ Slay+4 Stlth+}
MPRegen 0.18/turn

%: no passive effects
@: statue-form, very slow
A: slow and powerful, torment resistance 1, boosted hp, large, unfitting armour,
claws 3, regeneration 1, (shaggy fur 1), (tough skin 1), inability to use
devices, hated by all, inability to train armour, no earth magic, no alchemy
magic, no translocations magic, unskilled 1, antennae 1, talons 1, evolution 1
0: Orb of Zot
}: 3/15 runes: decaying, silver, gossamer
a: Begin Untransformation, Renounce Religion, Potion Petition, Call Merchant


You escaped.
You worshipped Gozag.
Gozag was greatly pleased with you.
You were a living statue of rough stone.
You visited 9 branches of the dungeon, and saw 45 of its levels.
You also visited: Ice Cave.

You collected 21732 gold pieces.
You spent 3462 gold pieces at shops.
You paid 10936 gold pieces to Gozag.

Inventory:

Missiles
 c - 106 large rocks
 k - a curare-tipped dart (quivered)
 o - 4 silver javelins
 y - a throwing net
 A - 7 javelins
 R - 39 boomerangs
Armour
 b - a +0 robe (melded)
 r - a scarf of shadows (worn)
   (You found it on level 4 of the Spider Nest)
 B - the +2 hat "Zasi" (worn) {Will+ Str+3 Int-5}
   (You acquired it on level 2 of the Orcish Mines)

   Str+3:     It affects your strength (+3).
   Int-5:     It affects your intelligence (-5).
   Will+:     It increases your willpower.
 O - a +8 tower shield (worn)
   (You took it off a vault warden on level 2 of the Vaults)
Jewellery
 a - the ring of the Tortoise {AC+8}
   (You took it off a vault guard on level 5 of the Vaults)

   [ring of protection]

   AC+8:      It affects your AC (+8).
 f - a ring of protection from fire (left claw)
   (You bought it in a shop on level 2 of the Depths)
 g - a ring of flight
   (You found it on level 4 of the Dungeon)
 i - a ring of see invisible
   (You found it on level 5 of the Dungeon)
 m - a ring of willpower
   (You found it on level 5 of the Lair of Beasts)
 p - a ring of protection from cold
   (You found it on level 1 of the Dungeon)
 s - the ring "Quavyst" {rCorr Str+2}
   (You found it on level 5 of the Lair of Beasts)

   [ring of resist corrosion]

   Str+2:     It affects your strength (+2).
   rCorr:     It protects you from acid and corrosion.
 E - the amulet "Varestar" (around neck) {rC+ Regen+ Str+2}
   (You found it in an ice cave)

   [amulet of regeneration]

   Str+2:     It affects your strength (+2).
   rC+:       It protects you from cold.
   Regen+:    It increases your rate of health regeneration.
 U - the ring "Owkuox" (right claw) {^Drain rN++ Will+ Slay+4 Stlth+}
   (You took it off an ogre mage on level 4 of the Vaults)

   [ring of slaying]

   Slay+4:    It affects your accuracy & damage with ranged weapons and melee
   (+4).
   rN++:      It greatly protects you from negative energy.
   Will+:     It increases your willpower.
   ^Drain:    It drains your maximum health when unequipped.
   Stlth+:    It makes you more stealthy.
Talismans
 x - a granite talisman (active)
   (You found it on level 1 of the Dungeon)
 F - a dragon-blood talisman
   (You took it off Bai Suzhen on level 3 of the Swamp)
Scrolls
 t - 6 scrolls of teleportation
 z - 3 scrolls of blinking
 D - 5 scrolls of fear
 I - 2 scrolls of silence
 M - 6 scrolls of poison
 N - 5 scrolls of revelation
 P - 5 scrolls of vulnerability
 V - 7 scrolls of immolation
 X - 9 scrolls of fog
Potions
 d - 11 potions of might
 e - 4 potions of berserk rage
 h - 5 potions of haste
 n - a potion of resistance
 q - 11 potions of curing
 w - 10 potions of heal wounds
 C - 3 potions of mutation
 G - 3 potions of enlightenment
 K - 7 potions of ambrosia
 L - 7 potions of attraction
 Q - 9 potions of lignification
 S - 4 potions of cancellation
 T - a potion of invisibility
 W - 7 potions of magic


   Skills:
 + Level 20.4 Fighting
 - Level 0.6 Short Blades
 - Level 7.0 Dodging
 - Level 1.3 Stealth
 - Level 15.0 Shields
 + Level 23.2 Unarmed Combat
 - Level 1.1 Spellcasting
 - Level 1.7 Hexes
 + Level 21.3 Shapeshifting


You had 25 spell levels left.
You didn't know any spells.
Your spell library contained the following spells:

 Spells                   Type           Power      Damage    Failure   Level
 Freeze                   Ice            0%         1d3       63%         1
 Kiss of Death            Conj/Necr      0%         2d5       63%         1
 Necrotise                Necr           0%         1d4       63%         1
 Shock                    Conj/Air       0%         1d3       63%         1
 Ensorcelled Hibernation  Hex/Ice        2%         N/A       65%         2
 Confusing Touch          Hex            2%         N/A       77%         3
 Dazzling Flash           Conj/Hex       2%         N/A       87%         3
 Inner Flame              Hex/Fire       1%         N/A       87%         3
 Frozen Ramparts          Ice            0%         1d1       94%         3
 Fugue of the Fallen      Necr           0%         N/A       94%         3
 Hailstorm                Conj/Ice       0%         3d5       94%         3
 Ozocubu's Armour         Ice            0%         N/A       94%         3
 Swiftness                Air            0%         N/A       94%         3
 Airstrike                Air            0%         2d(0-16)  100%        4
 Dispel Undead            Necr           0%         3d6       100%        4
 Flame Wave               Conj/Fire      0%         2d4       100%        4
 Arcjolt                  Conj/Air       0%         1d10      100%        5
 Metabolic Englaciation   Hex/Ice        0%         N/A       100%        5
 Silence                  Hex/Air        0%         N/A       100%        5
 Plasma Beam              Fire/Air       0%         2x1d10    100%        6
 Ozocubu's Refrigeration  Ice            0%         4d7       100%        7
 Polar Vortex             Ice            0%         N/A       100%        9
 Apportation              Tloc           Unusable   N/A       N/A         1
 Sandblast                Erth           Unusable   2d4       N/A         1
 Sting                    Conj/Alch      Unusable   1d3       N/A         1
 Summon Small Mammal      Summ           Unusable   N/A       N/A         1
 Tukima's Dance           Hex            Unusable   N/A       N/A         3
 Call Canine Familiar     Summ           Unusable   N/A       N/A         3
 Manifold Assault         Tloc           Unusable   N/A       N/A         4
 Passage of Golubria      Tloc           Unusable   N/A       N/A         4
 Sticky Flame             Fire/Alch      Unusable   2d4       N/A         4
 Summon Blazeheart Golem  Fire/Summ      Unusable   N/A       N/A         4
 Vhi's Electric Charge    Tloc/Air       Unusable   N/A       N/A         4
 Summon Forest            Summ/Tloc      Unusable   N/A       N/A         5
 Eringya's Noxious Bog    Alch           Unusable   4d6       N/A         6
 Sculpt Simulacrum        Ice/Alch       Unusable   N/A       N/A         6
 Summon Hydra             Summ           Unusable   N/A       N/A         7
 Lehudib's Crystal Spear  Conj/Erth      Unusable   10d2      N/A         8

Dungeon Overview and Level Annotations

Branches:
Dungeon (15/15)            Temple (1/1) D:5            Lair (5/5) D:8
  Swamp (4/4) Lair:2       Spider (4/4) Lair:3        Slime (0/5) Lair:4
    Orc (2/2) D:12            Elf (0/3) Orc:2        Vaults (5/5) D:14
  Crypt (0/3) Vaults:2     Depths (4/4) D:15            Zot (5/5) Depths:4
  IceCv (visited)

Altars:
Ashenzari
Cheibriados
Dithmenos
Elyvilon
Gozag
Kikubaaqudgha
Makhleb
Nemelex Xobeh
Okawaru
Qazlal
Ru
Sif Muna
Trog
Uskayaw
Vehumet
Wu Jian
Xom
Zin
The Shining One

Shops:
D:2 !   D:5 =   D:6 !   D:13 (   Orc:2 *:*!?   Vaults:3 (   Depths:2 =:=
Depths:4 [*

Portals:
Hell: Depths:1 Depths:2 Depths:3 Depths:4
Abyss: Orc:1 Depths:2 Depths:3
Pandemonium: Depths:2
Ziggurat: Depths:2

Annotations:
D:4 1 runed translucent door, Crazy Yiuf
Lair:4 1 runed translucent door
Swamp:3 2 transporters, Gokhumny's ghost, adept GnFi
Orc:1 2 transporters, kazak's ghost, journeyman OpFE
Depths:1 1 exclusion
Depths:3 2 runed translucent doors
Depths:4 1 runed translucent door, Zeph's ghost, adept NaFi
Zot:2 2 transporters, Beclu's ghost, legendary GnSk
Zot:5 2 exclusions


Innate Abilities, Weirdness & Mutations

You are a living statue of rough stone.
Your actions are slow, but your melee attacks are powerful.
You are resistant to unholy torment.
Your maximum health is greatly increased.
Your equipment is partially melded.
You are too large for most types of armour.
You are immune to poison.
You have claws for hands.
Your natural rate of healing is unusually fast.
((You are covered in fur. (AC +1)))
((You have tough skin. (AC +1)))
You cannot study or use magical devices.
You are hated by all.
You cannot train Armour skill.
You cannot study or cast Earth magic.
You cannot study or cast Alchemy magic.
You cannot study or cast Translocations magic.
You are somewhat unskilled. (-1 Apt)
You have a pair of small antennae on your head.
You have sharp toenails.
You have hidden genetic potential.


Message History

You kill Ogymeum!
You are engulfed in freezing vapours.
You resist. The ice encasing you melts away.
You see here 22 gold pieces.
You eviscerate the neqoxec!!!
You kill the neqoxec!
No target in view!
There is a stone staircase leading up here.
You fly upwards.
Your extra speed is starting to run out.
There is a stone staircase leading down here.
What level of the Dungeon? (default 1, ? - help)
You see here a +0 leather armour.
There is an open door here.
You feel yourself slow down.
HP restored.
A blizzard demon comes into view.
Unknown command.
The blizzard demon gestures at you. The freezing blast misses you.
You are engulfed in freezing vapours.
You resist. The blizzard demon gestures at you. The bolt of lightning hits you!
You resist.
You block the blizzard demon's attack. x2
The blizzard demon gestures at you. The freezing blast misses you.
You closely miss the blizzard demon. Your kick misses the blizzard demon.
You are engulfed in freezing vapours.
You resist.
You eviscerate the blizzard demon!!!!
You kill the blizzard demon!
You are engulfed in freezing vapours.
You resist.
No target in view!
No target in view!
You are engulfed in freezing vapours.
You resist.
You start to feel less resistant.
There is a stone staircase leading up here.
You are starting to lose your buoyancy.
Your resistance to elements expires.
You fly upwards.
There is a stone staircase leading down here.
You float gracefully downwards.
There is a stone staircase leading up here.
You climb upwards.
There is a stone staircase leading down here.
Your enlightenment fades.
There is a stone staircase leading up here.
You climb upwards.
There is a stone staircase leading down here.
You feel a little less mighty now.
A red devil comes into view. It is wielding a +0 trident.
Unknown command.
You block the red devil's attack.
You barely miss the red devil. Your kick misses the red devil.
You block the red devil's attack.
You barely miss the red devil. Your kick misses the red devil.
You block the red devil's attack.
You mangle the red devil!! You claw the red devil!
The red devil is almost dead.
You block the red devil's attack.
You eviscerate the red devil!!!!
You kill the red devil!
You now have 7321 gold pieces (gained 6).
You see here a +0 trident.
A green death comes into view.
Unknown command.
You barely miss the green death. The green death gestures at you.
The blast of poison engulfs you but does no damage.
You resist.
You eviscerate the green death!!! You claw the green death!
You kill the green death!
You now have 7334 gold pieces (gained 13).
No target in view!
You see here a +0 whip.
There is a stone staircase leading up, spattered with blood here.
You climb upwards.
There is a stone staircase leading down here.
There is a stone staircase leading up here.
You climb upwards.
Level annotation: 1 runed translucent door, Crazy Yiuf
There is a stone staircase leading down here.
There is a stone staircase leading up here.
You climb upwards.
There is a stone staircase leading down here.
There is a stone staircase leading up here.
You climb upwards.
There is a stone staircase leading down here.
There is a stone staircase leading up here.
You climb upwards.
There is a stone staircase leading down here.
There is an open door here.
You see here a +0 dagger.
There is an open door here.
There is an open door here.
There is an open door here.
There is a staircase leading out of the dungeon here.
Things that are here:
2 potions of invisibility; a +1 dagger Unknown command.
Enter note: gg You have escaped!

.#..## #.....# #......## .#...#
#....)# ###.....## .'...#
#.8.8.# ####.... ##...# #.....#
#.###
#############.....##########..)#
#......'..8.8..'....^......)
#########.....########......
#8.....8# ##..... #...8...#
###### ######### #.... #....
#...) #.... #.... #.... ###'#
#.#


There were no monsters in sight!

Vanquished Creatures
  Frederick (Depths:3)
  2 pandemonium lords (D:10)
  4 dread liches
  6 ancient liches
  5 orbs of fire
  2 juggernauts (Depths:4)
  Xtahua (Vaults:4)
  Josephina (Depths:4)
  Boris (Vaults:5)
  Bai Suzhen (Swamp:3)
  2 Killer Klowns
  Margery (Vaults:5)
  3 curse toes
  7 golden dragons
  2 bone dragons
  Arachne (Spider:3)
  4 electric golems
  22 tentacled monstrosities
  Jorgrun (D:15)
  A lich (Depths:4)
  4 titans
  28 Orb Guardians
  5 quicksilver dragons
  3 deep elf master archers (Depths:2)
  Mlioglotl (Spider:2)
  5 sphinxes
  A searing wretch (Vaults:5)
  An ancient champion (Depths:3)
  11 death cobs
  13 storm dragons
  8 shadow dragons
  Agnes (Spider:4)
  2 thorn hunters (Swamp:2)
  7 tengu reavers
  An azure jelly (IceCv)
  4 draconian monks
  2 draconian knights
  7 protean progenitors
  4 fire giants
  3 frost giants
  2 draconian shifters (Zot:2)
  2 fenstrider witches
  12 ghost moths
  6 emperor scorpions
  An iron dragon (Vaults:5)
  13 vault wardens
  6 draconian scorchers
  An orc warlord (Vaults:3)
  5 draconian annihilators
  4 draconian stormcallers
  2 cacodemons
  7 formless jellyfish
  22 very ugly things
  8 ironbound thunderhulks
  18 ironbound preservers
  2 quicksilver oozes (IceCv)
  4 broodmothers
  19 stone giants
  A deep elf death mage (Vaults:5)
  2 vampire knights
  3 deep elf demonologists
  13 green draconians
  13 purple draconians
  10 white draconians
  6 black draconians
  3 dire elephants (Vaults:4)
  6 eleionomae
  9 bunyips
  9 red draconians
  13 spark wasps
  3 war gargoyles
  12 yellow draconians
  10 ettins
  A merfolk javelineer (Depths:4)
  A green death (D:6)
  6 fire dragons
  A blizzard demon (D:9)
  4 crystal guardians
  11 yaktaur captains
  9 entropy weavers
  A shambling mangrove (Swamp:4)
  2 deep elf high priests (Vaults:5)
  5 great orbs of eyes
  3 ice dragons
  4 jorogumos
  3 rakshasas
  22 hydras
  30 vault guards
  5 peacekeepers
  4 ogre magi
  A ghost crab (Swamp:2)
  12 alligators
  5 spriggan air magi
  A two-headed ogre (shapeshifter) (Vaults:5)
  6 radroaches
  16 two-headed ogres
  3 hell beasts
  6 ironbound frosthearts
  2 catoblepae (Lair:5)
  12 centaur warriors
  A death knight (D:13)
  4 deep troll earth magi
  A death scarab (Spider:1)
  7 boulder beetles
  9 demonic crawlers
  8 death yaks
  6 tengu warriors
  A deep troll shaman (Lair:5)
  5 spriggan berserkers (Depths:4)
  2 occultists (D:15)
  Nergalle (Lair:1)
  3 shock serpents (Zot:2)
  A hell hog (Depths:3)
  Urug (Lair:2)
  12 hell knights
  7 spriggans
  A shock serpent (shapeshifter) (Vaults:5)
  A soul eater (Depths:1)
  A skyshark (Lair:5)
  A shadow demon (Depths:2)
  4 skeletal warriors
  A quicksilver dragon simulacrum (Depths:3)
  A skyshark (shapeshifter) (Depths:4)
  3 pharaoh ants
  A shadow wraith (Vaults:5)
  2 glowing orange brains
  A glowing orange brain (shapeshifter) (Depths:4)
  34 deep trolls
  4 spriggan druids
  4 goliath frogs
  9 swamp dragons
  6 arcanists
  6 bog bodies
  6 orb spiders
  A deep troll (shapeshifter) (D:14)
  7 phantasmal warriors
  3 sun moths
  5 orc knights
  A sea snake (shapeshifter) (Vaults:5)
  5 deep elf archers
  6 deep elf pyromancers
  17 ironbound convokers
  10 lindwurms
  9 necromancers
  3 harpies (Vaults:2)
  An obsidian statue (Vaults:2)
  A steelbarb worm (shapeshifter) (Vaults:5)
  10 steelbarb worms
  23 wolf spiders
  2 orc sorcerers (Orc:2)
  29 ugly things
  A will-o-the-wisp (Swamp:4)
  A salamander (Depths:1)
  7 cyclopes
  4 manticores
  An oklob plant (Lair:3)
  26 moths of wrath
  3 ice statues
  2 water nymphs (Swamp:3)
  5 meliai
  5 kobold blastminers
  14 vault sentinels
  2 elephants (Lair:5)
  11 cane toads
  An orange demon (Depths:4)
  A smoke demon (Depths:1)
  A black mamba (Lair:5)
  4 torpor snails
  2 cane toads (shapeshifter)
  2 unseen horrors
  2 gargoyles
  2 efreet (D:15)
  5 rime drakes
  4 kobold demonologists
  13 yaktaurs
  3 freezing wraiths
  4 tengu conjurers
  A hellion (Zot:2)
  8 komodo dragons
  4 ice devils
  14 trolls
  9 polar bears
  A wind drake (shapeshifter) (D:10)
  A ghost moth simulacrum (Zot:1)
  2 red devils
  A polar bear (shapeshifter) (D:10)
  A troll (shapeshifter) (D:10)
  7 tyrant leeches
  5 blink frogs (Lair:3)
  A blink frog (shapeshifter) (D:14)
  17 hornets
  35 tarantellas
  A glass eye (shapeshifter) (Vaults:5)
  9 dream sheep
  48 slime creatures
  24 jumping spiders
  4 water elementals
  23 culicivoras
  Sigmund (D:4)
  3 wyverns
  Eustachio (D:5)
  A vampire (D:11)
  2 wraiths
  43 yaks
  3 basilisks
  4 fire bats (D:10)
  3 steam dragons
  A warg (Orc:1)
  9 vampire mosquitoes
  A neqoxec (D:10)
  74 redbacks
  16 swamp worms
  A green draconian simulacrum (Zot:1)
  A yellow draconian simulacrum (Zot:1)
  Edmund (D:4)
  A great orb of eyes simulacrum (IceCv)
  2 acid dragons
  22 water moccasins
  Duvessa (D:4)
  9 orc warriors
  2 moth of wrath simulacra (Zot:1)
  3 sky beasts
  7 swamp drakes (Swamp:4)
  7 ice beasts
  4 black bears
  25 ogres
  13 wolves
  5 centaurs
  9 boggarts
  A phantom (D:6)
  5 slime creature simulacra (IceCv)
  3 kobold brigands
  11 bullfrogs
  8 scorpions
  A cane toad simulacrum (D:13)
  2 glowing shapeshifter simulacra (IceCv)
  A two-headed ogre simulacrum (D:13)
  13 wights
  Dowan (D:4)
  A troll skeleton (D:13)
  5 spriggan skeletons (D:13)
  4 howler monkeys
  10 orc priests
  A gnoll bouda (D:7)
  4 hounds
  2 sleepcaps (D:6)
  Terence (D:3)
  Natasha (thrice) (D:3)
  An iguana (D:6)
  15 orc wizards
  4 hell rats (Lair:2)
  4 shapeshifter simulacra (IceCv)
  A troll simulacrum (D:13)
  Robin (D:4)
  6 adders
  10 gnolls
  A naga simulacrum (D:13)
  8 river rats (Lair:2)
  6 white imps
  2 dart slugs
  3 ribbon worms
  51 orcs
  8 endoplasms
  2 giant cockroaches
  16 goblins
  10 hobgoblins
  4 jackals (D:5)
  4 quokkas
  9 ball pythons
  4 bats
  4 frilled lizards
  16 kobolds
  14 rats
  An aspiring flesh (Zot:1)
1789 creatures vanquished.

Vanquished Creatures (others)
  A fire giant (Depths:4)
  A vampire knight (Depths:4)
  A death yak (Lair:5)
  An elephant (Lair:5)
  A komodo dragon (D:8)
  A red devil (D:10)
  2 bloated husks
  A polar bear (Lair:5)
  A dream sheep (Lair:3)
  A culicivora (Lair:3)
  A slime creature (IceCv)
  A yak (D:10)
  A redback (Spider:3)
  An orc wizard (D:9)
  4 foxfires (Swamp:4)
19 creatures vanquished.

Grand Total: 1808 creatures vanquished

Notes
Turn   | Place    | Note
-------+----------+-------------------------------------------
     0 | D:1      | Flugkiller the Troll Enchanter began the quest for the Orb.
     0 | D:1      | Reached XP level 1. HP: 16/16 MP: 1/1
    67 | D:1      | Reached skill level 1 in Unarmed Combat
    85 | D:1      | Reached XP level 2. HP: 26/26 MP: 2/2
   186 | D:1      | Noticed a golden eye
   188 | D:1      | Found a faded altar of an unknown god.
   190 | D:1      | Noticed a glass eye
   190 | D:1      | Noticed a shining eye
   190 | D:1      | Noticed a great orb of eyes
   267 | D:1      | Reached skill level 1 in Fighting
   332 | D:1      | Reached skill level 2 in Unarmed Combat
   372 | D:1      | Reached XP level 3. HP: 29/33 MP: 3/3
   739 | D:2      | Found Mygioj's Distillery.
   758 | D:2      | Reached skill level 1 in Shapeshifting
  1004 | D:2      | Reached XP level 4. HP: 41/41 MP: 4/4
  1445 | D:3      | Got An Introduction to Spellweaving
  1493 | D:3      | Noticed Terence
  1503 | D:3      | Killed Terence
  1504 | D:3      | Reached skill level 3 in Unarmed Combat
  1561 | D:3      | Found a burning altar of Makhleb.
  1563 | D:3      | Noticed a blizzard demon
  1588 | D:3      | Reached XP level 5. HP: 48/48 MP: 5/5
  1822 | D:3      | Noticed Natasha
  1830 | D:3      | Killed Natasha
  1843 | D:3      | Noticed Natasha
  1851 | D:3      | Killed Natasha
  2057 | D:4      | Noticed Dowan
  2057 | D:4      | Noticed Duvessa
  2081 | D:4      | Noticed Sigmund
  2101 | D:3      | Noticed Natasha
  2107 | D:3      | Killed Natasha
  2416 | D:3      | Found a burning altar of Makhleb.
  2886 | D:3      | Found a burning altar of Makhleb.
  3205 | D:4      | Reached XP level 6. HP: 57/57 MP: 6/6
  3371 | D:4      | Noticed Robin
  3775 | D:4      | Killed Robin
  4010 | D:4      | Noticed Edmund
  4257 | D:5      | Entered Level 5 of the Dungeon
  4270 | D:5      | Reached skill level 4 in Unarmed Combat
  4328 | D:5      | Found a staircase to the Ecumenical Temple.
  4335 | D:5      | Noticed Eustachio
  4341 | Temple   | Entered the Ecumenical Temple
  4341 | Temple   | Noticed an Executioner
  4341 | Temple   | Noticed a ynoxinul
  4342 | Temple   | Noticed a Hell Sentinel
  4342 | Temple   | Noticed Ankat the pandemonium lord
  4342 | Temple   | Noticed Cohiclog the pandemonium lord
  4343 | Temple   | Noticed a chaos spawn
  4343 | Temple   | Noticed an orange demon
  4343 | Temple   | Noticed a balrug
  4343 | Temple   | Noticed an orange demon
  4359 | Temple   | Became a worshipper of Ru the Awakened
  4767 | D:5      | Reached XP level 7. HP: 62/66 MP: 7/7
  4900 | D:5      | Found Destroize's Jewellery Boutique.
  5149 | D:5      | Killed Eustachio
  5429 | D:4      | Killed Sigmund
  5430 | D:4      | Reached skill level 5 in Unarmed Combat
  5430 | D:4      | Reached skill level 5 in Shapeshifting
  5468 | D:4      | Killed Edmund
  5469 | D:4      | Reached XP level 8. HP: 51/75 MP: 8/8
  5544 | D:4      | Killed Duvessa
  5546 | D:4      | Killed Dowan
  5869 | D:4      | Found a runed translucent door.
  5870 | D:4      | Noticed Crazy Yiuf
  6153 | D:6      | Found an ancient bone altar of Kikubaaqudgha.
  6384 | D:6      | Gained mutation: You cannot train Armour skill. [Ru
                  | sacrifice]
  6384 | D:6      | Reached * piety under Ru
  6411 | D:6      | Reached skill level 6 in Unarmed Combat
  6481 | D:6      | Found a stormy altar of Qazlal.
  6627 | D:6      | Found Itenow's Distillery.
  7101 | D:7      | Reached XP level 9. HP: 66/85 MP: 9/9
  7374 | D:7      | Reached skill level 5 in Fighting
  7556 | D:7      | Reached skill level 7 in Unarmed Combat
  7910 | D:8      | Found a glowing golden altar of the Shining One.
  8095 | D:8      | Found a staircase to the Lair.
  8097 | D:8      | Noticed a komodo dragon
  8324 | D:8      | Reached XP level 10. HP: 95/95 MP: 10/10
  8330 | D:8      | Reached skill level 8 in Unarmed Combat
  8832 | D:9      | Gained mutation: You cannot study or use magical devices.
                  | [Ru sacrifice]
  8832 | D:9      | Reached ** piety under Ru
  8832 | D:9      | Reached *** piety under Ru
  8832 | D:9      | Reached **** piety under Ru
  9045 | D:9      | Reached skill level 10 in Shapeshifting
  9458 | D:10     | Entered Level 10 of the Dungeon
  9513 | D:10     | Reached skill level 9 in Unarmed Combat
  9524 | D:10     | Noticed a deep elf pyromancer
  9535 | D:10     | Killed a deep elf pyromancer
  9704 | D:10     | Noticed a deep elf pyromancer
  9734 | D:10     | Killed a deep elf pyromancer
  9910 | D:10     | Reached XP level 11. HP: 102/102 MP: 11/11
 10340 | D:8      | Reached skill level 10 in Unarmed Combat
 10348 | Lair:1   | Entered Level 1 of the Lair of Beasts
 10382 | Lair:1   | Identified the amulet "Muthoyg" {RegenMP Str+3}
 10392 | Lair:1   | Noticed a boulder beetle
 10404 | Lair:1   | Killed a boulder beetle
 10439 | Lair:1   | Noticed Nergalle
 10447 | Lair:1   | Killed Nergalle
 10575 | Lair:1   | Gained mutation: You are somewhat unskilled. (-1 Apt) [Ru
                  | sacrifice]
 10575 | Lair:1   | Reduced skill Unarmed Combat to level 9
 10575 | Lair:1   | Reduced skill Hexes to level 1
 10575 | Lair:1   | Reached ***** piety under Ru
 10784 | Lair:1   | Reached skill level 10 in Unarmed Combat
 11221 | Lair:2   | Reached XP level 12. HP: 109/109 MP: 12/12
 11225 | Lair:2   | Noticed a five-headed hydra
 11236 | Lair:2   | Killed a five-headed hydra
 11294 | Lair:2   | Noticed Urug
 11306 | Lair:2   | Killed Urug
 11306 | Lair:2   | Noticed a seven-headed hydra
 11340 | Lair:2   | Killed a seven-headed hydra
 11410 | Lair:2   | You fall into a shaft and drop 1 floor!
 11576 | Lair:2   | Reached skill level 11 in Unarmed Combat
 11809 | Lair:2   | Found a staircase to the Swamp.
 11829 | Lair:2   | Gained mutation: You are hated by all. [Ru sacrifice]
 12765 | Lair:3   | Found a hole to the Spider Nest.
 13172 | Lair:4   | Found a runed translucent door.
 13173 | Lair:4   | Noticed an acid blob
 13175 | Lair:4   | Found a staircase to the Slime Pits.
 13244 | Lair:4   | Reached XP level 13. HP: 117/117 MP: 13/13
 13381 | Lair:4   | Gained mutation: You cannot study or cast Earth magic. [Ru
                  | sacrifice]
 13381 | Lair:4   | Gained mutation: You cannot study or cast Alchemy magic.
                  | [Ru sacrifice]
 13381 | Lair:4   | Gained mutation: You cannot study or cast Translocations
                  | magic. [Ru sacrifice]
 13381 | Lair:4   | Reached ****** piety under Ru
 13692 | Lair:5   | Entered Level 5 of the Lair of Beasts
 13821 | Lair:5   | Reached skill level 12 in Unarmed Combat
 14138 | Lair:5   | Reached skill level 15 in Shapeshifting
 14608 | Lair:5   | Identified the ring "Quavyst" {rCorr Str+2}
 14844 | D:11     | Found a frozen archway.
 14969 | Temple   | Noticed Ikhu the pandemonium lord
 14980 | Temple   | Fell from the grace of Ru
 14980 | Temple   | Became a worshipper of Gozag Ym Sagoz the Greedy
 15107 | IceCv    | Entered an ice cave
 15251 | IceCv    | Noticed a quicksilver ooze
 15256 | IceCv    | Killed a quicksilver ooze
 15325 | IceCv    | Noticed a quicksilver ooze
 15330 | IceCv    | Killed a quicksilver ooze
 15650 | IceCv    | Reached XP level 14. HP: 124/124 MP: 14/14
 15652 | IceCv    | Reached skill level 13 in Unarmed Combat
 15655 | IceCv    | Reached skill level 5 in Fighting
 15698 | IceCv    | Noticed an azure jelly
 15732 | IceCv    | Killed an azure jelly
 15803 | IceCv    | Identified the amulet "Varestar" {rC+ Regen+ Str+2}
 16414 | D:10     | Identified the +0 chain mail of the Tick {rC+ Str-2 Dex+3}
 16559 | D:11     | Identified the +8 dagger of Natifoph {holy, rPois Str+4}
 16603 | D:11     | You fall into a shaft and drop 3 floors!
 16699 | D:14     | Found a gate to the Vaults.
 17328 | D:12     | Reached skill level 14 in Unarmed Combat
 17499 | D:12     | Found a staircase to the Orcish Mines.
 17996 | D:13     | Found Wamestree's Antique Weapon Boutique.
 18631 | D:14     | Found a shadowy altar of Dithmenos.
 18747 | D:14     | Reached XP level 15. HP: 143/143 MP: 15/15
 19081 | D:15     | Entered Level 15 of the Dungeon
 19103 | D:14     | Reached skill level 15 in Unarmed Combat
 19159 | D:15     | Noticed Jorgrun
 19176 | D:15     | Killed Jorgrun
 19343 | D:15     | Found a radiant altar of Vehumet.
 19776 | D:15     | Found a staircase to the Depths.
 19852 | Orc:1    | Entered Level 1 of the Orcish Mines
 19888 | Orc:1    | Noticed kazak's ghost (journeyman OpFE)
 19893 | Orc:1    | Found a transporter.
 19962 | Orc:1    | Found a transporter.
 19964 | Orc:1    | Found a one-way gate to the infinite horrors of the Abyss.
 20314 | Orc:2    | Entered Level 2 of the Orcish Mines
 20336 | Orc:2    | Found a staircase to the Elven Halls.
 20410 | Orc:2    | Reached skill level 10 in Fighting
 20686 | Orc:2    | Found Oluseref's Assorted Antiques.
 20705 | Orc:2    | Bought a brightly glowing ivory ring for 100 gold pieces
 20705 | Orc:2    | Identified the ring of Temperance {MP+9 Dex+6} (You bought
                  | it in a shop on level 2 of the Orcish Mines)
 20826 | Orc:2    | Found Gidepler's Book Shop.
 20917 | Orc:2    | Found Henai's Distillery.
 20937 | Orc:2    | Found Ogiwno's Magic Scroll Shoppe.
 20946 | Orc:2    | Found Jufil's General Store.
 21510 | D:11     | Reached skill level 1 in Shields
 21954 | Swamp:1  | Entered Level 1 of the Swamp
 21954 | Swamp:1  | Noticed a fenstrider witch
 21962 | Swamp:1  | Killed a fenstrider witch
 22302 | Swamp:2  | Reached XP level 16. HP: 161/161 MP: 16/16
 22378 | Swamp:2  | Reached skill level 5 in Shields
 22582 | Swamp:3  | Found a transporter.
 22635 | Swamp:4  | Entered Level 4 of the Swamp
 22863 | Swamp:3  | Found a transporter.
 22867 | Swamp:3  | Noticed Gokhumny's ghost (adept GnFi)
 22971 | Swamp:3  | Noticed Bai Suzhen
 23005 | Swamp:3  | Noticed a thorn hunter
 23028 | Swamp:2  | Killed a thorn hunter
 23165 | Swamp:4  | Noticed a thorn hunter
 23306 | Swamp:2  | Killed a thorn hunter
 23627 | Swamp:3  | Paralysed by a fenstrider witch for 3 turns
 23634 | Swamp:3  | Reached skill level 10 in Shields
 24004 | Swamp:4  | Got a decaying rune of Zot
 27821 | D:2      | Bought a potion of might for 56 gold pieces
 27821 | D:2      | Bought a potion of enlightenment for 70 gold pieces
 27821 | D:2      | Bought a potion of heal wounds for 70 gold pieces
 27821 | D:2      | Bought a potion of might for 56 gold pieces
 28106 | Orc:2    | Bought a scroll of teleportation for 33 gold pieces
 28106 | Orc:2    | Bought a scroll of acquirement for 572 gold pieces
 28106 | Orc:2    | Bought a scroll of blinking for 82 gold pieces
 28106 | Orc:2    | Bought a scroll of enchant weapon for 82 gold pieces
 28106 | Orc:2    | Bought a scroll of torment for 104 gold pieces
 28107 | Orc:2    | Bought a scroll of identify for 22 gold pieces
 28107 | Orc:2    | Bought a scroll of identify for 22 gold pieces
 28107 | Orc:2    | Bought a scroll of identify for 22 gold pieces
 28112 | Orc:2    | Acquired the +2 hat "Zasi" {Will+ Str+3 Int-5}
 29758 | Swamp:3  | Killed Bai Suzhen
 29889 | Swamp:3  | Found a transporter.
 29912 | Swamp:3  | Found a transporter.
 30363 | Spider:1 | Entered Level 1 of the Spider Nest
 30376 | Spider:1 | Reached XP level 17. HP: 170/170 MP: 17/17
 30704 | Spider:1 | Identified the +5 falchion "Kumu" {vamp, Dex+3}
 30717 | Spider:1 | Identified the +4 dagger "Igaruenn" {venom, rF+ rC+ Will-}
 31585 | Spider:2 | Noticed Mlioglotl
 31594 | Spider:2 | Killed Mlioglotl
 32188 | Spider:3 | Reached skill level 16 in Unarmed Combat
 32235 | Spider:3 | Identified the +5 rapier of Haunted Reinforcement {flame,
                  | rElec Int+4 Dex+3 Stlth-}
 32382 | Spider:3 | Noticed Arachne
 32591 | Spider:3 | Killed Arachne
 32789 | Spider:3 | Reached XP level 18. HP: 133/183 MP: 1/18
 33253 | Spider:4 | Entered Level 4 of the Spider Nest
 33514 | Spider:4 | Noticed Agnes
 33522 | Spider:4 | Killed Agnes
 34437 | Spider:4 | Got a gossamer rune of Zot
 34812 | Vaults:1 | Entered Level 1 of the Vaults
 35148 | Vaults:1 | Identified the +7 battleaxe "Guxokaorch" {protect, rElec
                  | rPois rC+ Int+2}
 36109 | Vaults:2 | Found a staircase to the Crypt.
 36253 | Vaults:2 | Reached XP level 19. HP: 196/196 MP: 19/19
 36732 | Vaults:2 | Reached skill level 17 in Unarmed Combat
 37280 | Vaults:3 | Found Inwesix's Weapon Shoppe.
 37631 | Vaults:3 | You fall into a shaft and drop 1 floor!
 37631 | Vaults:4 | Noticed Xtahua
 37698 | Vaults:4 | Reached skill level 15 in Fighting
 37841 | Vaults:4 | Killed Xtahua
 37851 | Vaults:4 | Identified the ring "Owkuox" {^Drain rN++ Will+ Slay+4
                  | Stlth+}
 38200 | Vaults:4 | Reached XP level 20. HP: 210/210 MP: 20/20
 39595 | Depths:1 | Entered Level 1 of the Depths
 39726 | Depths:1 | Reached skill level 18 in Unarmed Combat
 40359 | Depths:1 | Found a gateway to Hell.
 40565 | Depths:2 | Found a one-way gateway to a ziggurat.
 40789 | Depths:2 | Identified the +6 quarterstaff of Pain and Death {venom,
                  | *Corrode rF+ Dex+3 SInv}
 40943 | Depths:2 | Identified the +5 orcbow of Pride {freeze, Str+6}
 41026 | Depths:2 | Found a one-way gate leading to the halls of Pandemonium.
 41167 | Depths:2 | Identified the +0 leather armour of Hedonism {*Slow rF+ rN+
                  | SInv}
 41288 | Depths:2 | Found Wolonoru's Jewellery Shoppe.
 41288 | Depths:2 | Found Riuphucata's Book Boutique.
 41290 | Depths:2 | Found Gaptozi's Jewellery Shoppe.
 41304 | Depths:2 | Bought a ring of protection from fire for 375 gold pieces
 41615 | Depths:2 | Bought a manual of Fighting for 1440 gold pieces
 41720 | Depths:3 | Identified the orb "Wego" {light, +Blink}
 41720 | Depths:3 | Noticed Frederick
 41744 | Depths:3 | Killed Frederick
 41783 | Depths:3 | Noticed a bone dragon
 41792 | Depths:3 | Killed a bone dragon
 41851 | Depths:3 | Found an opulent altar of Gozag.
 41997 | Depths:3 | Found a runed translucent door.
 41997 | Depths:3 | Found a runed translucent door.
 42637 | Depths:4 | Entered Level 4 of the Depths
 42642 | Depths:4 | Found Hocamy's Armour Shoppe.
 42646 | Depths:4 | Found Ima Vacvuff's General Store.
 42651 | Depths:4 | Reached XP level 21. HP: 226/226 MP: 21/21
 42660 | Depths:4 | Bought a scroll of revelation for 172 gold pieces
 42660 | Depths:4 | Bought a potion of mutation for 184 gold pieces
 42865 | Depths:4 | Noticed a juggernaut
 42877 | Depths:4 | Killed a juggernaut
 42941 | Depths:4 | Found a white marble altar of Elyvilon.
 42972 | Depths:4 | Found a runed translucent door.
 42972 | Depths:4 | Noticed Zeph's ghost (adept NaFi)
 43016 | Depths:4 | Noticed a juggernaut
 43022 | Depths:4 | Killed a juggernaut
 43023 | Depths:4 | Reached skill level 19 in Unarmed Combat
 43274 | Depths:4 | Noticed a golden dragon
 43305 | Depths:4 | Killed a golden dragon
 43386 | Depths:4 | Found a gate to the Realm of Zot.
 43922 | Vaults:5 | Entered Level 5 of the Vaults
 43922 | Vaults:5 | Noticed a golden dragon
 43975 | Vaults:5 | Reached skill level 20 in Unarmed Combat
 43982 | Vaults:5 | Noticed Boris
 43989 | Vaults:5 | Killed Boris
 44190 | Vaults:5 | Noticed Margery
 44203 | Vaults:5 | Killed Margery
 44281 | Vaults:5 | Reached skill level 5 in Dodging
 44333 | Vaults:5 | Identified the +2 war axe of Grandeur {drain, rElec rC-
                  | Will+++ Dex+2}
 44333 | Vaults:5 | Identified the amulet "Puuqer" {Spirit Harm rC+ Int-4}
 44405 | Vaults:5 | Reached XP level 22. HP: 240/240 MP: 22/22
 44470 | Vaults:5 | Identified the amulet "Botyohuq" {Reflect rElec rN+ Will+
                  | Dex-2 SH+5}
 44492 | Vaults:5 | Got a silver rune of Zot
 44597 | Vaults:5 | Identified the +3 quarterstaff of Satheyte {chaos, Int+3}
 45058 | Vaults:5 | Killed a golden dragon
 45097 | Vaults:5 | Noticed a dread lich
 45104 | Vaults:5 | Killed a dread lich
 45223 | Vaults:5 | Identified the +3 glaive of Qazlal's Reproof {flame, rElec
                  | rPois MP-9}
 45511 | Vaults:5 | Noticed an ancient lich
 45517 | Vaults:5 | Killed an ancient lich
 45594 | Vaults:5 | Identified the +4 ring mail of Limitation {^Contam Harm
                  | Int+5}
 45960 | Zot:1    | Entered Level 1 of the Realm of Zot
 45960 | Zot:1    | Identified the ring "Jaqig" {Ice SInv}
 45960 | Zot:1    | Noticed Josephina
 45980 | Depths:4 | Killed Josephina
 46528 | Zot:1    | Reached skill level 15 in Shields
 46568 | Zot:1    | You fall into a shaft and drop 1 floor!
 47103 | Zot:1    | Reached XP level 23. HP: 249/249 MP: 23/23
 47348 | Zot:2    | Found a transporter.
 47349 | Zot:2    | Noticed Beclu's ghost (legendary GnSk)
 47368 | Zot:2    | Noticed a dread lich
 47369 | Zot:2    | Noticed an ancient lich
 47370 | Zot:2    | Found a transporter.
 47699 | Zot:2    | Identified the +0 scale mail "Verurchi" {Str+8}
 47820 | Zot:3    | Noticed a curse toe
 47826 | Zot:3    | Reached skill level 21 in Unarmed Combat
 47827 | Zot:3    | Killed a curse toe
 48830 | Zot:4    | Noticed a curse toe
 48864 | Zot:3    | Killed a curse toe
 48907 | Zot:4    | Noticed an orb of fire
 48916 | Zot:4    | Killed an orb of fire
 48936 | Zot:4    | Reached skill level 22 in Unarmed Combat
 49411 | Zot:4    | Acquired 1164 gold pieces
 49870 | Zot:5    | Entered Level 5 of the Realm of Zot
 49967 | Zot:5    | Reached XP level 24. HP: 262/262 MP: 23/23
 51833 | Zot:5    | Noticed an ancient lich
 51834 | Zot:5    | Noticed an orb of fire
 51837 | Zot:5    | Noticed a Killer Klown
 51837 | Zot:5    | Noticed a dread lich
 51839 | Zot:5    | Killed an ancient lich
 51844 | Zot:5    | Noticed an orb of fire
 51890 | Zot:4    | Killed a Killer Klown
 51915 | Zot:5    | Noticed an orb of fire
 51922 | Zot:5    | Noticed a dread lich
 51929 | Zot:4    | Killed an orb of fire
 51962 | Zot:5    | Killed a dread lich
 51963 | Zot:5    | Gained mutation: You are frail. (-10% HP) [an orb of fire]
 51965 | Zot:5    | Killed an orb of fire
 51989 | Zot:5    | Killed an orb of fire
 52265 | Zot:5    | Lost mutation: You are frail. (-10% HP) [potion of
                  | mutation]
 52265 | Zot:5    | Gained mutation: Armour fits poorly on your strangely
                  | shaped body. [potion of mutation]
 52265 | Zot:5    | Gained mutation: Your system is resistant to poisons.
                  | (rPois) [potion of mutation]
 52265 | Zot:5    | Gained mutation: You have large cloven feet. [potion of
                  | mutation]
 52265 | Zot:5    | Gained mutation: You are robust. (+10% HP) [potion of
                  | mutation]
 52349 | Zot:5    | Noticed a dread lich
 52362 | Zot:5    | Killed a dread lich
 52373 | Zot:5    | Noticed an ancient lich
 52791 | Zot:5    | Noticed an ancient lich
 52799 | Zot:5    | Killed an ancient lich
 52825 | Zot:5    | Noticed an ancient lich
 52857 | Zot:5    | Killed an ancient lich
 52893 | Zot:5    | Noticed a Killer Klown
 52897 | Zot:5    | Killed a Killer Klown
 52903 | Zot:5    | Killed an ancient lich
 52971 | Zot:5    | Reached skill level 23 in Unarmed Combat
 53057 | Zot:5    | Noticed an orb of fire
 53074 | Zot:5    | Killed an orb of fire
 53119 | Zot:5    | Killed a dread lich
 53130 | Zot:5    | Noticed an ancient lich
 53136 | Zot:5    | Killed an ancient lich
 53137 | Zot:5    | Lost mutation: You are robust. (+10% HP) [mutagenic glow]
 53150 | Zot:5    | Gained mutation: You occasionally lose the ability to read
                  | scrolls when taking damage. [mutagenic glow]
 53370 | Zot:5    | Lost mutation: Your system is resistant to poisons. (rPois)
                  | [potion of mutation]
 53370 | Zot:5    | Lost mutation: You have large cloven feet. [potion of
                  | mutation]
 53370 | Zot:5    | Gained mutation: You are weak. (Str -2) [potion of
                  | mutation]
 53370 | Zot:5    | Gained mutation: Your system is resistant to poisons.
                  | (rPois) [potion of mutation]
 53370 | Zot:5    | Gained mutation: You have a pair of small horns on your
                  | head. [potion of mutation]
 53370 | Zot:5    | Gained mutation: You have hidden genetic potential. [potion
                  | of mutation]
 53371 | Zot:5    | Lost mutation: Armour fits poorly on your strangely shaped
                  | body. [potion of mutation]
 53371 | Zot:5    | Lost mutation: You are weak. (Str -2) [potion of mutation]
 53371 | Zot:5    | Gained mutation: You are vulnerable to heat. (rF-) [potion
                  | of mutation]
 53371 | Zot:5    | Gained mutation: You have sharp toenails. [potion of
                  | mutation]
 53371 | Zot:5    | Gained mutation: You have a somewhat thin skeletal
                  | structure. (Dex +2, Stealth+) [potion of mutation]
 53372 | Zot:5    | Lost mutation: You have a somewhat thin skeletal structure.
                  | (Dex +2, Stealth+) [potion of mutation]
 53372 | Zot:5    | Lost mutation: You have sharp toenails. [potion of
                  | mutation]
 53372 | Zot:5    | Gained mutation: Your spells are a little easier to cast,
                  | but a little less powerful. [potion of mutation]
 53372 | Zot:5    | Gained mutation: Your muscles are strong. (Str +4, Int/Dex
                  | -1) [potion of mutation]
 53372 | Zot:5    | Gained mutation: You are partially covered in iridescent
                  | scales. (AC +2) [potion of mutation]
 53373 | Zot:5    | Lost mutation: Your muscles are strong. (Str +4, Int/Dex
                  | -1) [potion of mutation]
 53373 | Zot:5    | Lost mutation: You are vulnerable to heat. (rF-) [potion of
                  | mutation]
 53373 | Zot:5    | Gained mutation: You have supernaturally acute eyesight.
                  | (SInv) [potion of mutation]
 53373 | Zot:5    | Lost mutation: Your system is resistant to poisons. (rPois)
                  | [potion of mutation]
 53373 | Zot:5    | Lost mutation: You have a pair of small horns on your head.
                  | [potion of mutation]
 53374 | Zot:5    | Lost mutation: Your spells are a little easier to cast, but
                  | a little less powerful. [potion of mutation]
 53374 | Zot:5    | Lost mutation: You have hidden genetic potential. [potion
                  | of mutation]
 53374 | Zot:5    | Lost mutation: You have supernaturally acute eyesight.
                  | (SInv) [potion of mutation]
 53374 | Zot:5    | Gained mutation: Your mind is acute. (Int +4, Str/Dex -1)
                  | [potion of mutation]
 53375 | Zot:5    | Lost mutation: Your mind is acute. (Int +4, Str/Dex -1)
                  | [potion of mutation]
 53375 | Zot:5    | Lost mutation: You are partially covered in iridescent
                  | scales. (AC +2) [potion of mutation]
 53375 | Zot:5    | Lost mutation: You occasionally lose the ability to read
                  | scrolls when taking damage. [potion of mutation]
 53375 | Zot:5    | Gained mutation: You have hidden genetic potential. [potion
                  | of mutation]
 53375 | Zot:5    | Gained mutation: You have sharp toenails. [potion of
                  | mutation]
 53375 | Zot:5    | Gained mutation: You have a pair of small antennae on your
                  | head. [potion of mutation]
 53509 | Zot:5    | Got the Orb of Zot
 53816 | D:10     | Noticed Etyudipsad the pandemonium lord
 53824 | D:10     | Killed Etyudipsad the pandemonium lord
 53834 | D:10     | Noticed Ogymeum the pandemonium lord
 53845 | D:10     | Killed Ogymeum the pandemonium lord
 54011 | D:1      | gg
 54012 | D:$      | Escaped with the Orb!

Illustrated notes

.#..## #.....# #......## .#...#
#....)# ###.....## .'...#
#.8.8.# ####.... ##...# #.....#
#.###
#############.....##########..)#
#......'..8.8..'....^......)
#########.....########......
#8.....8# ##..... #...8...#
###### ######### #.... #....
#...) #.... #.... #.... ###'#
#.#


Turn 54011 on D:1: gg

Levels and vault maps discovered:
D:1:      elethiomel_arrival_quiet, layout_basic,
          hellmonk_ecumenical_altar_watching_god, chequers_serial_rivers_micro_d
D:2:      layout_loops_ring, serial_shops, nicolae_shop_advertising_works
          [nicolae_subvault_shop_adworks], minmay_pentomino_s2
D:3:      layout_basic, makhleb_altar_promises_db, minmay_misc_feat_alley,
          kennysheep_cluttered_room, uniq_natasha, uniq_terence
D:4:      layout_rooms, uniq_crazy_yiuf_cottage, uniq_robin, uniq_duvessa,
          uniq_sigmund, uniq_edmund
D:5:      layout_basic, minmay_temple_entry_glass, serial_shops,
          nicolae_shop_back_alley_shop, uniq_eustachio
D:6:      black_bear_nest_1, layout_loops_ring, mainiacjoe_overflow_24_doors,
          grunt_qazlal_clouds, serial_shops, kennysheep_little_box
D:7:      layout_basic
D:8:      layout_loops_ring, nicolae_tso_carved_into_rock, david_lair_shrubbed
D:9:      layout_irregular_city, minmay_misc_feat_nine_boxes
D:10:     dpeg_index_elf_rogue_hall, layout_irregular_city, serial_rivers,
          chequers_serial_rivers_large_a, chequers_serial_rivers_micro_b,
          chequers_serial_rivers_micro_a, chequers_serial_rivers_room_a,
          chequers_serial_rivers_micro_b
D:11:     layout_roguey, portal_ice_cave_demonic_guard, minivault_5
D:12:     layout_irregular_city, orc_0_dummy
D:13:     dreamdust_isle_of_ice, layout_rooms, serial_shops,
          nicolae_shop_overgrown_old_shop, hangedman_tell_no_tales
D:14:     layout_loops_ring, david_vaults_2, grunt_dithmenos_smoke
D:15:     hellmonk_depths_entry_around_the_bend, layout_small_grid,
          nicolae_vehumet_radiance, minmay_between, uniq_jorgrun
Temple:   nicolae_temple_panitentiary
Lair:1:   layout_roguey, grunt_megastairs_2, uniq_nergalle
Lair:2:   layout_regular_city, skrybe_swamp_entry_bodies,
          kennysheep_abandoned_house, uniq_urug
Lair:3:   layout_gridlike, spider_nest_entry_funnel_web,
          nicolae_quartered_pool_little
Lair:4:   wander_river, layout_regular_city, slime_entry_2,
          chequers_serial_rivers_micro_b, chequers_serial_rivers_room_b,
          serial_bayou_pond_a, beast_lair_carwin_2
Lair:5:   grunt_lair_end_beastmaster, layout_regular_city,
          infiniplex_staircase_pool
Swamp:1:  layout_basic_swamp, evilmike_swamp_ruin_house_4
Swamp:2:  layout_basic_swamp, evilmike_swamp_ruin_rubble_1
Swamp:3:  layout_basic_swamp, gammafunk_ghost_berserking_beasts,
          serial_swamp_ruin, evilmike_swamp_ruin_rubble_2,
          evilmike_swamp_ruin_house_5, nicolae_swamp_nymph_family_reunion,
          uniq_bai_suzhen
Swamp:4:  swamp, layout_basic_swamp, nicolae_swamp_stuck_in_the_mud
Spider:1: layout_spider_delve, nicolae_spider_bug_shape
Spider:2: layout_spider_delve, nicolae_spider_some_kinda_spiderbox,
          uniq_mlioglotl
Spider:3: spiders_nest_scorpion_pit, nicolae_spider_jagged_tunnels, uniq_arachne
Spider:4: grunt_spider_rune_parallel, uniq_agnes
Orc:1:    layout_diamond_mine, gammafunk_ghost_abyssal_escape
Orc:2:    st_orc_open, layout_diamond_mine, serial_shops, nicolae_shop_stone
Vaults:1: nicolae_vaults_back_hallway, nicolae_vaults_network_periphery,
          ontoclasm_vaults_gateway, v_misc_24, nicolae_vaults_tetromino_Z_2,
          layout_vaults_quadrants
Vaults:2: nicolae_vaults_stairing_the_circle, nicolae_vaults_double_plus_3,
          serial_library_hellmonk_angled_corner, minmay_crypt_entry_simple_box,
          v_rooms_2, hangedman_vaults_nails,
          nicolae_vaults_offset_grid_hallway_1, hangedman_vaults_locks,
          grunt_vaults_twisty, nicolae_vaults_mini_display_case,
          nicolae_vaults_cochlea, nicolae_vaults_rhombus_5,
          nicolae_vaults_statue_guard, layout_vaults_omnibox
Vaults:3: nicolae_vaults_display_case, v_misc_15, vaults_room_ringed_pool,
          v_misc_12, v_pattern_1, vaults_room_fancy_cross,
          nicolae_vaults_tangram_2, nicolae_vaults_surprise_closet,
          nicolae_vaults_more_shelving_1, layout_vaults_big_room, serial_shops,
          nicolae_shop_bloodbath_and_beyond
Vaults:4: nicolae_vaults_closet_pinwheel_1, nicolae_vaults_disjoint_gnomons,
          hangedman_vaults_restitches, nicolae_vaults_antechamber_and_loot_room,
          nicolae_vaults_tetromino_T_1, nicolae_vaults_wrenched,
          nicolae_vaults_prndl, hangedman_vaults_maws,
          ontoclasm_vaults_shuriken, nicolae_vaults_trapezoid_2,
          nicolae_vaults_variable_pillar_hall, v_misc_24,
          layout_vaults_maze_bifur, uniq_xtahua
Vaults:5: serial_shops, uniq_boris, uniq_margery
Depths:1: layout_forbidden_donut, kennysheep_donut, hellmouth_1,
          minmay_microvault, grunt_megastairs_4
Depths:2: dreamdust_merry_men, layout_honeycomb, enter_ziggurat_e,
          abyss_entry_glasseish, grunt_pan_entry_zigzag, hell_entry,
          minivault_14, dk_noncrumbling_4, infiniplex_staircase_door_maze,
          minmay_shop_grove
Depths:3: minmay_the_grid_four_pointed_star
          [minmay_the_grid_triangle_9x9_from_above,
          minmay_the_grid_triangle_9x9_corruption,
          minmay_the_grid_triangle_9x9_cache,
          minmay_the_grid_triangle_9x9_tough_junction,
          minmay_the_grid_prize_big_room], layout_long_grid,
          nicolae_gozag_seed_capital, grunt_mini_vestibule, serial_glass,
          glass_columns_a, glass_columns_a, abyss_entry_crystal,
          minmay_misc_feat_ornament, uniq_frederick
Depths:4: grunt_zot_entry_alcove, layout_gridlike,
          nicolae_elyvilon_peaceful_grove, gammafunk_ghost_grave,
          pf_coc_iceberg, minmay_shop_star
Zot:1:    layout_gridlike, regret_index_zotdec_banners, uniq_josephina
Zot:2:    layout_misc_corridors, gammafunk_ghost_mausoleum
Zot:3:    layout_cellular_growth, grunt_megastairs_5
Zot:4:    layout_onion, zot_minivault_7
Zot:5:    layout_twisted_circle

Skill      XL: |  1  2  3  4  5  6  7  8  9 10 11 12 13 14 15 16 17 18 19 20 21 22 23 24 |
---------------+-------------------------------------------------------------------------+-----
Unarmed Combat | 1 2 3 4 5 6 7 9 10 11 12 14 15 16 17 18 20 22 23 | 23.2
Fighting       | 1 2 3 4 5 4 8 10 11 12 13 15 17 18 19 20 | 20.4
Shapeshifting  | 1 2 3 5 7 9 11 12 14 15 16 17 18 19 20 21 | 21.3
Hexes          | 1 |  1.7
Shields        | 4 10 11 12 15 | 15.0
Dodging        | 6 7 |  7.0
Short Blades   | |  0.6
Stealth        | |  1.3
Spellcasting   | |  1.1

Action                     |  1- 3 |  4- 6 |  7- 9 | 10-12 | 13-15 | 16-18 | 19-21 | 22-24 || total
---------------------------+-------+-------+-------+-------+-------+-------+-------+-------++-------
  Melee: Unarmed           |   130 |   173 |   247 |   512 |   889 |  1216 |  1103 |   872 ||  5142
         Punch             |     2 |     1 |     8 |       |    72 |    12 |       |       ||    95
         Constrict         |       |       |    26 |   121 |       |       |       |       ||   147
         Kick              |       |       |       |       |       |       |       |    42 ||    42
  Throw: Dart              |       |     8 |       |       |     1 |       |       |     3 ||    12
 Invoke: Sacrifice Durabil |       |       |     1 |       |       |       |       |       ||     1
         Sacrifice Artific |       |       |       |     1 |       |       |       |       ||     1
         Sacrifice Skill   |       |       |       |     1 |       |       |       |       ||     1
         Draw Out Power    |       |       |       |     1 |       |       |       |       ||     1
         Sacrifice Love    |       |       |       |     1 |       |       |       |       ||     1
         Sacrifice Arcana  |       |       |       |       |     1 |       |       |       ||     1
         Potion Petition   |       |       |       |       |     5 |     4 |     5 |     7 ||    21
    Use: Scroll            |       |       |       |       |       |    32 |    13 |    23 ||    68
         Potion            |       |       |       |       |       |     6 |     4 |    20 ||    30
   Stab: Sleeping          |     5 |     4 |       |       |     1 |     3 |     2 |     2 ||    17
         Invisible         |       |       |       |     5 |     1 |     2 |     2 |     3 ||    13
         Distracted        |       |       |       |     4 |     9 |     5 |     8 |    10 ||    36
         Paralysed         |       |       |       |     4 |       |       |       |       ||     4
         Petrified         |       |       |       |       |     7 |       |       |       ||     7
         Petrifying        |       |       |       |       |     1 |       |       |       ||     1
 Armour: Robe              |    71 |   129 |   121 |       |       |       |       |       ||   321
         Skin              |       |       |    70 |   342 |  1211 |  2356 |  1299 |   948 ||  6226
  Dodge: Dodged            |    59 |    74 |    83 |   310 |   905 |  1460 |   563 |   264 ||  3718
  Block: Kite shield       |       |       |       |       |       |   934 |   302 |       ||  1236
         Tower shield      |       |       |       |       |       |       |   725 |   992 ||  1717
         Form:             |       |       |     3 |       |       |       |     1 |     1 ||     5
         Serpent           |       |       |     3 |       |       |       |       |       ||     3
         Statue            |       |       |       |     1 |       |       |     1 |     1 ||     3
